 Dungeon Crawl Stone Soup version 0.27.0-1-g7a089689b8 (webtiles) character file.

Game seed: 8554068038455117223

243 Brandom the Sneak (level 6, -1/47 HPs)
             Began as a Merfolk Wanderer on Aug 11, 2021.
             Was an Initiate of Gozag.
             Killed from afar by an orc wizard (3 damage)
             ... with a magic dart
             ... on level 4 of the Dungeon.
             The game lasted 00:13:24 (5087 turns).

Brandom the Sneak (Merfolk Wanderer)                Turns: 5087, Time: 00:13:25

Health: -1/47      AC:  8    Str: 16    XL:     6   Next: 9%
Magic:  6/6        EV: 12    Int: 10    God:    Gozag
Gold:   143        SH:  0    Dex: 19    Spells: 5/5 levels left

rFire    . . .     SeeInvis .   c - +0 spear
rCold    . . .     Faith    .   (no shield)
rNeg     + . .     Spirit   .   i - +0 ring mail {rN+}
rPois    .         Reflect  .   (no helmet)
rElec    .         Harm     .   j - +2 cloak
rCorr    +         Rampage  .   (no gloves)
Will     .....                  (no boots)
Stlth    ++........             (no amulet)
HPRegen  0.15/turn              f - +6 ring of dexterity
MPRegen  0.10/turn              l - ring of resist corrosion

@: brilliant, attractive, slowed, very slow
A: (nimble swimmer 2), mertail
a: Renounce Religion, Potion Petition, Call Merchant, Bribe Branch


You were on level 4 of the Dungeon.
You worshipped Gozag.
Gozag was aware of your devotion.
You visited 1 branch of the dungeon, and saw 4 of its levels.

You collected 143 gold pieces.

Inventory:

Hand Weapons
 a - a +2 dagger
 c - a +0 spear (weapon)
 d - a +0 short sword
Armour
 e - a +0 robe
 i - a +0 ring mail of positive energy (worn)
   (You found it on level 1 of the Dungeon)
 j - a +2 cloak (worn)
   (You found it on level 1 of the Dungeon)
Jewellery
 f - a +6 ring of dexterity (left hand)
   (You found it on level 1 of the Dungeon)
 l - a ring of resist corrosion (right hand)
   (You found it on level 2 of the Dungeon)
Scrolls
 g - 2 scrolls of teleportation {unknown}
 h - 2 scrolls of identify {unknown}
Potions
 b - a potion of berserk rage


   Skills:
 + Level 3.0 Fighting
 - Level 2.4 Short Blades
 + Level 3.9 Polearms
 + Level 3.8 Dodging
 - Level 4.3 Stealth
 - Level 4.0 Summonings
 - Level 1.0 Evocations


You had 5 spell levels left.
You didn't know any spells.
Your spell library was empty.

Dungeon Overview and Level Annotations

Branches:
Dungeon (4/15)
 Temple: D:4-7

Altars:
Gozag


Innate Abilities, Weirdness & Mutations

((You are quick and stealthy near water. (Stealth+, EV+, Speed+++)))
Your lower body shifts to a powerful aquatic tail in water.


Message History

The orc wizard gestures wildly while chanting.
The orc wizard flickers and vanishes!
Deactivating autopickup; reactivate with Ctrl-A.
The adder misses you.
The kobold brigand throws a curare-tipped dart.
The curare-tipped dart hits you.
You are poisoned.
You have difficulty breathing.
You feel yourself slow down.
You feel very sick. The adder misses you.
You feel very sick. The adder barely misses you.
You feel very sick.
The kobold brigand throws a curare-tipped dart.
The curare-tipped dart hits you.
You are lethally poisoned!
You have difficulty breathing.
* * * LOW HITPOINT WARNING * * *
You feel as though you will be slow longer.
The adder bites you but does no damage.
An orc comes into view. It is wielding a +0 whip.
It was a potion of attraction.
You feel attractive to monsters.
* * * LOW HITPOINT WARNING * * *
You feel extremely sick. The adder closely misses you.
An orc wizard comes into view. It is wielding a +0 dagger.
The adder closely misses you.
The kobold brigand hits you with a +0 short sword.
* * * LOW HITPOINT WARNING * * *
The orc is pulled toward you! The orc wizard is pulled toward you!
Unknown command.
It was a potion of curing.
You feel better. The adder bites you but does no damage.
The kobold brigand completely misses you.
The adder barely misses you. The orc wizard is pulled toward you!
The orc wizard shouts!
The kobold brigand hits you with a +0 short sword!
* * * LOW HITPOINT WARNING * * *
The adder bites you.
* * * LOW HITPOINT WARNING * * *
The orc wizard is pulled toward you! The orc is pulled toward you!
It was a potion of brilliance.
You feel clever all of a sudden.
You hear some strange, mumbled words.
A magic dart appears from out of thin air!
The magic dart hits you.
You die...
Your body crumbles into a pile of gold.

.. .. . ###. #.#
###...######### .. .
..............############.##..
........?....o.............#...
.##.#.######oK{#...............
# #.S@..............#
#.......####.(..####
###...........<.......
#................####.
..#.#..........[.##
..###................# .
##......#..#####...
##.#.#......## ### $
#.#.##......#


You could see a kobold brigand, an orc wizard, an adder and an orc.

Vanquished Creatures
  A hound (D:3)
  Jessica (D:3)
  8 adders
  4 gnolls
  A howler monkey skeleton (D:4)
  2 dart slugs
  An orc (D:3)
  4 bats
  7 endoplasms
  3 giant cockroaches
  7 goblins
  5 hobgoblins
  3 jackals (D:1)
  8 kobolds
  A quokka (D:1)
  4 ball pythons
  3 frilled lizards
  5 rats
68 creatures vanquished.

Notes
Turn   | Place    | Note
-------+----------+-------------------------------------------
     0 | D:1      | Brandom the Merfolk Wanderer began the quest for the Orb.
     0 | D:1      | Brandom set off with the following items: a +2 dagger, a
                  | potion of berserk rage, a +0 spear, a +0 short sword, a +0
                  | robe
     0 | D:1      | Reached XP level 1. HP: 13/13 MP: 1/1
   195 | D:1      | Reached skill level 1 in Dodging
   308 | D:1      | Reached XP level 2. HP: 5/20 MP: 2/2
   311 | D:1      | Reached skill level 1 in Fighting
   311 | D:1      | Reached skill level 1 in Polearms
   797 | D:1      | Reached XP level 3. HP: 26/26 MP: 3/3
  1678 | D:2      | Reached XP level 4. HP: 12/33 MP: 4/4
  2619 | D:3      | Noticed Jessica
  3475 | D:3      | Reached XP level 5. HP: 34/38 MP: 5/5
  3564 | D:3      | Killed Jessica
  4580 | D:3      | Found a faded altar of an unknown god.
  4618 | D:3      | Became a worshipper of Gozag Ym Sagoz the Greedy
  4712 | D:4      | Reached XP level 6. HP: 39/46 MP: 6/6
  5086 | D:4      | HP: 2/47 [adder (2)]
  5087 | D:4      | Killed from afar by an orc wizard

Illustrated notes

Levels and vault maps discovered:
D:1:      mainiacjoe_arrival_reflecting_pool, layout_basic
D:2:      layout_loops_ring
D:3:      layout_basic, chequers_ecumenical_altar_twisty, uniq_jessica
D:4:      layout_rooms, ebering_ghost_gozag

Skill      XL: |  1  2  3  4  5  6 |
---------------+-------------------+-----
Dodging        | 1 2 3 |  3.8
Fighting       | 1 2 3 |  3.0
Polearms       | 1 2 3 |  3.9
Summonings     | 4 |  4.0
Short Blades   | |  2.4
Stealth        | |  4.3
Evocations     | |  1.0

Action                   |  1- 3 |  4- 6 || total
-------------------------+-------+-------++-------
Melee: Dagger            |    11 |       ||    11
       Spear             |   100 |   279 ||   379
  Use: Potion            |       |     3 ||     3
 Stab: Sleeping          |     6 |     6 ||    12
Armor: Ring mail         |    35 |    93 ||   128
       Robe              |     1 |       ||     1
Dodge: Dodged            |    46 |   156 ||   202
